 Dungeon Crawl Stone Soup version 0.28-a0-1395-g4f6bc678fa (webtiles) character file.

Game seed: 14623041247089246694

5357 ryw the Cleaver (level 10, 0/94 HPs)
             Began as a Hill Orc Fighter on Jan 4, 2022.
             Was an Initiate of Yredelemnul.
             Killed from afar by Erica (22 damage)
             ... with a bolt of poison
             ... on level 8 of the Dungeon.
             The game lasted 00:20:30 (10630 turns).

ryw the Cleaver (Hill Orc Fighter)                 Turns: 10630, Time: 00:20:30

Health: 0/94       AC: 20    Str: 24    XL:     10   Next: 65%
Magic:  10/10      EV: 10    Int:  8    God:    Yredelemnul [......]
Gold:   469        SH:  5    Dex: 10    Spells: 9/9 levels left

rFire   + + .      SeeInvis .   a - +0 war axe
rCold   . . .      Faith    +   c - +0 buckler
rNeg    + . .      Spirit   .   b - +0 scale mail
rPois   .          Reflect  .   m - +2 helmet
rElec   .          Harm     .   v - +2 cloak
rCorr   .          Rampage  .   (no gloves)
Will    .....                   j - +0 pair of boots
Stlth   ..........              t - amulet "Somakhlie" {Faith rF+ rN+}
HPRegen 0.25/turn               x - +4 ring of protection
MPRegen 0.12/turn               g - ring of protection from fire

@: lethally poisoned (0 -> -19), about to teleport, slowed, very slow
A: no striking features
a: Renounce Religion, Recall Undead Harvest


You were on level 8 of the Dungeon.
You worshipped Yredelemnul.
Yredelemnul was noncommittal.
You visited 2 branches of the dungeon, and saw 9 of its levels.

You collected 469 gold pieces.

Inventory:

Hand Weapons
 a - a +0 war axe (weapon)
Missiles
 o - 4 atropa-tipped darts
 p - 29 poisoned darts (quivered)
 z - a throwing net
Armour
 b - a +0 scale mail (worn)
 c - a +0 buckler (worn)
 j - a +0 pair of boots (worn)
 m - a +2 helmet (worn)
 v - a +2 cloak (worn)
Jewellery
 e - a ring of resist corrosion
 g - a ring of protection from fire (right hand)
 t - the amulet "Somakhlie" (around neck) {Faith rF+ rN+}
   (You acquired it on level 5 of the Dungeon)

   [amulet of faith]

   It allows you to gain divine favour quickly.
   rF:        It protects you from fire.
   rN:        It protects you from negative energy.
 x - a +4 ring of protection (left hand)
Wands
 d - a wand of iceblast (8)
 n - a wand of flame (6)
 r - a wand of acid (16)
 y - a wand of mindburst (11)
Scrolls
 u - a scroll of blinking
 w - a scroll of magic mapping
 A - 2 scrolls of brand weapon {unknown}
 D - a scroll of vulnerability {unknown}
 E - 2 scrolls of immolation
 F - a scroll of amnesia {unknown}
 G - a scroll of holy word {unknown}
 I - a scroll of torment
Potions
 f - 4 potions of curing


   Skills:
 + Level 10.6 Fighting
 + Level 11.1 Axes
 - Level 3.0 Throwing
 + Level 9.7 Armour
 - Level 6.0 Shields


You had 9 spell levels left.
You didn't know any spells.
Your spell library contained the following spells:

 Spells                   Type           Power      Damage    Failure   Level
 Magic Dart               Conj           0%         1d3       67%         1
 Ensorcelled Hibernation  Hex/Ice        0%         N/A       80%         2
 Scorch                   Fire           0%         2d5       80%         2
 Searing Ray              Conj           0%         2d4       80%         2
 Dazzling Flash           Conj/Hex       0%         N/A       95%         3
 Spider Form              Tmut/Pois      0%         N/A       95%         3
 Flame Wave               Conj/Fire      0%         2d4       100%        4
 Fulminant Prism          Conj/Hex       0%         3d6       100%        4
 Iskenderun's Mystic Bla  Conj/Tloc      0%         2d3       100%        4
 Petrify                  Tmut/Erth      0%         N/A       100%        4
 Metabolic Englaciation   Hex/Ice        0%         N/A       100%        5
 Starburst                Conj/Fire      0%         6d3       100%        6
 Statue Form              Tmut/Erth      0%         N/A       100%        6
 Summon Cactus Giant      Summ           0%         N/A       100%        6


Dungeon Overview and Level Annotations

Branches:
Dungeon (8/15)             Temple (1/1) D:5            Lair (0/6) D:8

Altars:
Cheibriados
Dithmenos
Elyvilon
Fedhas
Gozag
Hepliaklqana
Kikubaaqudgha
Nemelex Xobeh
Qazlal
Ru
Trog
Uskayaw
Wu Jian
Xom
Yredelemnul
Zin
The Shining One

Annotations:
D:8 Erica, Maurice


Message History

You feel very sick. You block Maurice's attack.
Something hits you but does no damage. Something hits you.
Maurice hits you but does no damage.
Unknown command.
You closely miss Maurice.
Maurice is heavily wounded.
You closely miss something.
You feel sick.
Maurice gestures wildly while chanting.
Maurice blinks!
You hear some strange, mumbled words.
A bolt of poison appears from out of thin air!
The bolt of poison hits you!
You are more poisoned.
You feel very sick.
Maurice throws a throwing net.
The throwing net closely misses you.
Unknown command.
You feel very sick. Something hits you but does no damage.
Unknown command.
You feel very sick.
Erica appears from thin air!
Reactivating autopickup.
Erica points at you and mumbles some strange words.
The lance of force hits you!
You are knocked back by the lance of force.
You violently stop moving!
* * * LOW HITPOINT WARNING * * *
Unknown command.
As you read the scroll of teleportation, it crumbles to dust.
You feel strangely unstable.
You feel sick.
Maurice is no longer moving quickly.
Erica casts a spell at you. You resist with significant effort.
Maurice mumbles some strange words.
Maurice blinks!
Erica points at you and mumbles some strange words.
The bolt of poison hits you!!
You are more poisoned.
You die...
Your body rises from the dead as a mindless zombie.

...#. .......... ###.## ..#...
≈≈≈≈≈≈.... #...# ....# §.....≈...
#.### # ..# ≈§§.≈.≈... ## #.#
#### .##
.≈.≈§§§≈.≈(.##?.###.####... .#
.≈.§§_.≈.≈..###..........## .#
##.≈.≈...≈.≈.@@§.##.#.#######
.####..≈.§≈≈≈≈....##.##...# ##.
.......≈.......≈@.##.....## ###..
.......≈≈≈≈≈§≈≈≈.#####.@.####...#
............[....#####...##...###
.)........###.###.......#........
..........# #.....#####...##.....
..........######.## ##..Z#.....
.#.##........##..# #.#.......
...##.####.....<## #.##......
..###.###..#...#########.##......


You could see Erica and Maurice.

Vanquished Creatures
  Harold (D:8)
  A two-headed ogre (D:7)
  A cyclops (D:6)
  Prince Ribbit (D:6)
  Eustachio (D:5)
  Grum (D:8)
  Menkaure (D:6)
  A water moccasin (D:6)
  A black bear (D:4)
  2 necrophages (D:6)
  2 centaurs
  4 wolves (D:8)
  A phantom (D:4)
  3 kobold brigands
  A bullfrog (D:7)
  2 gnoll sergeants
  7 scorpions
  9 killer bees (D:7)
  A howler monkey (D:4)
  2 bullfrog zombies
  2 hounds
  3 jellies (D:6)
  An orc priest (D:7)
  Crazy Yiuf (D:3)
  2 centaur skeletons
  A gnoll shaman (D:4)
  3 iguanas
  5 orc wizards
  A hound skeleton (D:4)
  Robin (D:3)
  A howler monkey zombie (D:6)
  12 gnolls
  6 adders
  A shadow imp (D:7)
  2 adder skeletons (D:4)
  2 worms
  3 dart slugs
  14 orcs
  7 ball pythons
  6 endoplasms
  A giant cockroach (D:1)
  18 goblins
  14 hobgoblins
  22 jackals
  4 quokkas
  4 bats
  6 frilled lizards
  27 kobolds
  8 rats
221 creatures vanquished.

Vanquished Creatures (collateral kills)
  A black bear (D:8)
1 creature vanquished.

Vanquished Creatures (others)
  A human zombie (D:8)
  3 wolf zombies (D:8)
  A black bear zombie (D:8)
  A gnoll zombie (D:8)
  3 plants (D:5)
9 creatures vanquished.

Grand Total: 231 creatures vanquished

Notes
Turn   | Place    | Note
-------+----------+-------------------------------------------
     0 | D:1      | ryw the Hill Orc Fighter began the quest for the Orb.
     0 | D:1      | Reached XP level 1. HP: 19/19 MP: 1/1
    58 | D:1      | Reached XP level 2. HP: 15/27 MP: 2/2
    60 | D:1      | Reached skill level 3 in Axes
   387 | D:1      | Reached XP level 3. HP: 21/33 MP: 3/3
  1318 | D:2      | Reached XP level 4. HP: 37/40 MP: 4/4
  2301 | D:3      | Found a faded altar of an unknown god.
  2402 | D:3      | Noticed Robin
  2480 | D:3      | Reached XP level 5. HP: 46/47 MP: 5/5
  2485 | D:3      | Killed Robin
  2486 | D:3      | Reached skill level 4 in Axes
  2927 | D:3      | Found a runed translucent door.
  2928 | D:3      | Noticed Crazy Yiuf
  3127 | D:3      | Found an opulent altar of Gozag.
  3258 | D:3      | Killed Crazy Yiuf
  3543 | D:4      | Noticed a centaur
  3543 | D:4      | Noticed a black bear
  3555 | D:4      | Reached skill level 5 in Fighting
  3555 | D:4      | Reached XP level 6. HP: 56/56 MP: 6/6
  3568 | D:4      | Killed a black bear
  3569 | D:4      | Reached skill level 1 in Throwing
  3579 | D:4      | Reached skill level 5 in Axes
  3608 | D:4      | Reached XP level 7. HP: 61/61 MP: 7/7
  3800 | D:4      | Reached skill level 5 in Shields
  3818 | D:4      | Reached skill level 5 in Armour
  4302 | D:5      | Entered Level 5 of the Dungeon
  4484 | D:5      | Identified a scroll of acquirement
  4484 | D:5      | Acquired the amulet "Somakhlie" {Faith rF+ rN+}
  4586 | D:5      | Found a staircase to the Ecumenical Temple.
  4596 | Temple   | Entered the Ecumenical Temple
  4941 | D:5      | Reached XP level 8. HP: 70/70 MP: 8/8
  4968 | D:5      | Reached skill level 6 in Axes
  6064 | D:6      | Noticed Menkaure
  6071 | D:6      | Killed Menkaure
  6333 | D:6      | Noticed Eustachio
  6568 | D:5      | Reached skill level 7 in Axes
  6707 | D:5      | Killed Eustachio
  6981 | D:6      | Reached XP level 9. HP: 75/79 MP: 9/9
  7149 | D:6      | Noticed a cyclops
  7155 | D:6      | Killed a cyclops
  7156 | D:6      | Reached skill level 8 in Axes
  7354 | D:6      | Noticed Prince Ribbit
  7389 | D:6      | Killed Prince Ribbit
  7557 | D:6      | Reached skill level 9 in Axes
  8258 | D:7      | Found a white marble altar of Elyvilon.
  8518 | D:7      | Reached XP level 10. HP: 31/91 MP: 10/10
  9134 | D:7      | Found a basalt altar of Yredelemnul.
  9143 | D:7      | Became a worshipper of Yredelemnul the Dark
  9281 | D:8      | Noticed a two-headed ogre
  9375 | D:8      | Found a bloodstained altar of Trog.
  9411 | D:8      | Noticed Harold
  9425 | D:8      | Killed Harold
  9425 | D:8      | Reached * piety under Yredelemnul
  9426 | D:8      | Reached skill level 10 in Axes
  9436 | D:8      | Your ally Harold died
  9454 | D:8      | Reached skill level 10 in Fighting
  9454 | D:8      | Noticed Erica
  9618 | D:8      | Noticed Grum
  9630 | D:7      | Killed a two-headed ogre
 10041 | D:8      | Killed Grum
 10042 | D:8      | Reached skill level 11 in Axes
 10178 | D:8      | Found a staircase to the Lair.
 10201 | D:8      | Noticed Maurice
 10234 | D:8      | Your ally Grum died
 10630 | D:8      | Killed from afar by Erica

Illustrated notes

Levels and vault maps discovered:
D:1:      matt_arrival_debris, layout_basic
D:2:      layout_loops_ring
D:3:      layout_loops_cross, marbit_many_paths,
          shapermc_ecumenical_altar_acropolis, chequers_serial_rivers_micro_b,
          uniq_crazy_yiuf_cottage, uniq_robin
D:4:      layout_gridville, hangedman_glass_teeth, nzn_random_ring
D:5:      cheibrodos_thug_alley, layout_loops_ring,
          minmay_temple_entry_junction, kennysheep_minor_cross,
          nicolae_concentric_dashed_squares_mild, lexackson_kobold_supper
D:6:      minmay_opposing_rooms, layout_basic, uniq_eustachio,
          uniq_prince_ribbit1, uniq_menkaure
D:7:      layout_basic, kennysheep_ying_yang
D:8:      layout_rooms, mainiacjoe_overflow_concentric_impassable,
          minmay_overflow_temple_star_quad, lair_entry_dummy,
          nicolae_underground_beach, uniq_grum, uniq_erica, uniq_maurice,
          uniq_harold
Temple:   nicolae_temple_figure_eight

Skill      XL: |  1  2  3  4  5  6  7  8  9 10 |
---------------+-------------------------------+-----
Axes           | 3 4 5 7 9 11 | 11.1
Fighting       | 4 5 6 7 9 10 | 10.6
Shields        | 4 5 6 |  6.0
Armour         | 4 5 6 8 9 |  9.7
Throwing       | 1 2 3 |  3.0

Action                   |  1- 3 |  4- 6 |  7- 9 | 10-12 || total
-------------------------+-------+-------+-------+-------++-------
Melee: War axe           |    96 |   175 |   408 |    98 ||   777
Throw: Dart              |       |       |    26 |       ||    26
  Use: Scroll            |     1 |     6 |     1 |     8 ||    16
       Potion            |       |     2 |     1 |     6 ||     9
Armor: Scale mail        |    66 |    84 |   250 |    85 ||   485
Dodge: Dodged            |    54 |    73 |   176 |    80 ||   383
Block: Buckler           |    28 |    42 |   109 |    40 ||   219

Table legend: (Time is in decaauts)
 A = Elapsed time spent in this place.
 B = Non-inter-level travel time spent in this place.
 C = Inter-level travel time spent in this place.
 D = Time resting spent in this place.
 E = Time spent auto-exploring this place.
 F = Levels seen in this place.
 G = Mean time per level.
                   A        B        C        D        E       F      G
               +--------+--------+--------+--------+--------+-----+--------+
         Total |  10812 |  10520 |    292 |   2740 |   5817 |   9 | 1201.3 |
       Dungeon |  10588 |  10307 |    281 |   2740 |   5609 |   8 | 1323.5 |
        Temple |    223 |    212 |     11 |      0 |    208 |   1 |  223.0 |
               +--------+--------+--------+--------+--------+-----+--------+

Top non-repeatable levels by time:
     D:7: 1834 daAuts
     D:5: 1827 daAuts
     D:6: 1751 daAuts
     D:2: 1269 daAuts
     D:1: 1134 daAuts
     D:3: 1034 daAuts
     D:4: 976 daAuts
     D:8: 760 daAuts
  Temple: 223 daAuts
